details: 'HFiend3'

« prev index next »

General information

Mini Map

Players

team 1
Random» NightElfiggy_the_fisk (yellow | 107 APM | 2648 actions | 24:45)
Hero icon 4 Demon Hunter
Ability icon 2 Mana Burn
Ability icon 2 Evasion
Hero icon 4 Keeper of the Grove
Ability icon 2 Entangling Roots
Ability icon 2 Thorns Aura

» actions
Assign group hotkey104
Basic commands10
Build / train76
Enter build submenu15
Enter hero's abilities submenu9
Give item / drop item3
Remove unit from queue1
Right click1480
Select / deselect397
Select group hotkey438
Use ability115
2648 total
» units
Wisp12
Huntress6
Dryad10
Druid of the Claw11
39 total
» upgrades
Druid of the Claw Training2
Strength of the Wild3
Abolish Magic1
Reinforced Hides3
9 total
» buildings
Altar of Elders1
Moon Well6
Ancient of War1
Hunter's Hall1
Tree of Ages1
Ancient of Lore2
Ancient of Wonders1
Tree of Eternity1
Tree of Life1
15 total
» build order
00:08 Altar of Elders
00:46 Moon Well
01:45 Ancient of War
01:48 Hunter's Hall
01:52 Moon Well
03:03 Tree of Ages
03:40 Moon Well
05:38 Ancient of Lore
05:43 Ancient of Lore
06:05 Moon Well
06:30 Ancient of Wonders
06:56 Tree of Eternity
12:44 Moon Well
13:15 Moon Well
19:57 Tree of Life
» items
Staff of Preservation2
Moonstone1
Potion of Healing5
Scroll of Town Portal3
11 total
Random» Humantimg4strok (orange | 122 APM | 3029 actions | 24:45)
Hero icon 4 Archmage
Ability icon 2 Summon Water Elemental
Ability icon 2 Brilliance Aura
Hero icon 6 Mountain King
Ability icon 3 Storm Bolt
Ability icon 2 Bash
Ability icon 1 Avatar

» actions
Assign group hotkey43
Basic commands141
Build / train91
ESC pressed4
Enter build submenu29
Enter hero's abilities submenu10
Give item / drop item4
Right click1102
Select / deselect395
Select group hotkey1099
Use ability111
3029 total
» units
Peasant23
Footman6
Sorceress3
Priest4
Goblin Zeppelin2
Mortar Team5
Rifleman9
Spell Breaker3
55 total
» upgrades
Backpack1
Sorceress Training2
Priest Training2
Fragmentation Shards1
Gunpowder1
Long Rifles1
Flare1
Armor1
Control Magic1
Magic Sentry1
12 total
» buildings
Altar of Kings1
Barracks1
Farm10
Scout Tower7
Arcane Tower1
Keep2
Arcane Vault1
Arcane Sanctum2
Castle1
Blacksmith1
Workshop2
Town Hall2
Lumber Mill1
Guard Tower1
33 total
» build order
00:07 Altar of Kings
00:12 Barracks
00:25 Farm
01:04 Farm
01:35 Farm
01:46 Scout Tower
02:17 Arcane Tower
03:14 Keep
03:35 Farm
04:07 Arcane Vault
04:21 Farm
05:15 Farm
05:39 Arcane Sanctum
05:40 Arcane Sanctum
05:58 Farm
08:00 Castle
08:03 Farm
08:30 Blacksmith
10:38 Workshop
10:40 Workshop
11:08 Town Hall
13:00 Lumber Mill
15:35 Farm
21:35 Scout Tower
21:37 Scout Tower
21:40 Scout Tower
21:40 Scout Tower
21:41 Scout Tower
21:42 Scout Tower
21:55 Town Hall
22:02 Farm
22:41 Guard Tower
» items
Scroll of Regeneration3
Scroll of Town Portal3
Staff of Sanctuary1
7 total
team 2
UndeadGoSu07 (purple | 89 APM | 2195 actions | 24:44)
Hero icon 4 Death Knight
Ability icon 2 Death Coil
Ability icon 2 Unholy Aura
Hero icon 4 Lich
Ability icon 2 Frost Nova
Ability icon 2 Frost Armor
Hero icon 3 Crypt Lord
Ability icon 1 Impale
Ability icon 2 Spiked Carapace

» actions
Assign group hotkey53
Basic commands24
Build / train77
Enter build submenu16
Enter hero's abilities submenu12
Give item / drop item4
Remove unit from queue5
Right click1405
Select / deselect232
Select group hotkey249
Use ability118
2195 total
» units
Acolyte2
Ghoul2
Crypt Fiend13
Obsidian Statue5
22 total
» upgrades
Burrow1
Web1
Creature Attack2
Destroyer Form1
Creature Carapace2
7 total
» buildings
Graveyard1
Crypt1
Altar of Darkness1
Ziggurat6
Tomb of Relics1
Halls of the Dead2
Black Citadel2
Slaughterhouse2
Nerubian Tower1
17 total
» build order
00:10 Graveyard
00:13 Crypt
00:31 Altar of Darkness
00:49 Ziggurat
01:04 Tomb of Relics
01:46 Ziggurat
03:46 Halls of the Dead
03:47 Halls of the Dead
04:34 Ziggurat
04:38 Ziggurat
06:14 Black Citadel
06:14 Black Citadel
07:36 Slaughterhouse
07:39 Ziggurat
08:03 Slaughterhouse
08:06 Ziggurat
15:35 Nerubian Tower
» items
Rod of Necromancy2
Dust of Appearance1
Orb of Corruption1
Scroll of Town Portal3
Potion of Healing2
9 total
NightElfLostInSpace (green | 109 APM | 2684 actions | 24:40)
Hero icon 5 Priestess of the Moon
Ability icon 2 Searing Arrows
Ability icon 3 Trueshot Aura
Hero icon 4 Keeper of the Grove
Ability icon 2 Entangling Roots
Ability icon 2 Thorns Aura

» actions
Assign group hotkey181
Basic commands231
Build / train99
ESC pressed5
Enter build submenu16
Enter hero's abilities submenu10
Give item / drop item4
Remove unit from queue4
Right click1069
Select / deselect442
Select group hotkey527
Use ability96
2684 total
» units
Wisp19
Huntress11
Dryad12
Druid of the Claw13
55 total
» upgrades
Ultravision1
Strength of the Moon1
Moon Armor1
Abolish Magic1
Strength of the Wild2
Well Spring1
Druid of the Claw Training2
Nature's Blessing1
Mark of the Claw1
11 total
» buildings
Altar of Elders1
Moon Well7
Ancient of War2
Hunter's Hall1
Tree of Ages1
Ancient of Wonders1
Tree of Eternity1
Ancient of Lore3
Tree of Life1
18 total
» build order
00:06 Altar of Elders
00:17 Moon Well
01:40 Ancient of War
01:44 Hunter's Hall
01:56 Moon Well
02:25 Ancient of War
02:48 Moon Well
05:46 Moon Well
06:31 Tree of Ages
08:36 Ancient of Wonders
08:38 Moon Well
08:41 Moon Well
10:28 Tree of Eternity
10:36 Ancient of Lore
10:36 Ancient of Lore
14:34 Ancient of Lore
15:02 Moon Well
22:07 Tree of Life
» items
Staff of Preservation1
Scroll of Town Portal2
3 total